 Dungeon Crawl Stone Soup version 0.29-a0-67-g1d65ae1bb4 (webtiles) character file.

Game seed: 733411294124773588

14471 DasRunzen the Thaumaturge (level 12, 0/127 HPs)
             Began as a Djinni Fire Elementalist on Feb 3, 2022.
             Was a Priest of Qazlal.
             Slain by a minotaur (4 damage)
             ... in a Gauntlet.
             The game lasted 01:01:10 (13330 turns).

DasRunzen the Thaumaturge (DjFE)                   Turns: 13330, Time: 01:01:12

Health: 0/127      AC: 26    Str:  7    XL:     12   Next: 45%
Gold:   475        EV:  2    Int: 22    God:    Qazlal [***...] SH:  4 Dex: 14

rFire   + + .      SeeInvis .   j - staff of fire
rCold   + . .      Faith    .   (no shield)
rNeg    . . .      Spirit   .   (armour currently unavailable)
rPois   ∞          Reflect  .   (helmet currently unavailable)
rElec   +          Harm     .   (cloak currently unavailable)
rCorr   +          Rampage  .   (gloves currently unavailable)
Will    +....      NoTele   +   (boots unavailable)
Stlth   +.........              e - amulet of regeneration
HPRegen 1.11/turn               w - +4 ring of evasion
MPRegen 0.00/turn               (no ring)

@: mighty, tree-form, resistant
A: stationary, stasis, torment immunity, boosted hp, sickness immunity, (fire
resistance 2), (cold vulnerability 1), float, innate caster, HP casting, extra
vitality 1
a: Renounce Religion, Upheaval, Elemental Force


You were in a Gauntlet.
You worshipped Qazlal.
Qazlal was most pleased with you.
You were a tree.
You visited 3 branches of the dungeon, and saw 12 of its levels.
You also visited: Sewer and Gauntlet.

You collected 475 gold pieces.

Inventory:

Missiles
 k - 4 throwing nets
Armour
 c - a +2 robe of willpower (melded)
 d - a +1 pair of gloves (melded)
 g - a +0 robe of resistance
 o - a +0 troll leather armour
 t - the +6 ring mail "Aluest" {rElec Will- Regen+}
   (You found it on level 7 of the Dungeon)

   rElec:     It insulates you from electricity.
   Regen:     It increases your rate of health regeneration.
   Will:      It decreases your willpower.
 z - a +0 cloak (melded)
Magical Staves
 j - a staff of fire (weapon)
Jewellery
 a - the amulet "Iveug" {Faith Slay+3}
   (You found it in a Gauntlet)

   [amulet of faith]

   It allows you to gain divine favour quickly.
   Slay:      It affects your accuracy & damage with ranged weapons and melee
   (+3).
 e - an amulet of regeneration (around neck)
 w - a +4 ring of evasion (left branch)
Wands
 n - a wand of polymorph (24)
 q - a wand of charming (12)
 r - a wand of digging (5)
 y - a wand of iceblast (12)
 A - a wand of acid (3)
 B - a wand of paralysis (12)
Scrolls
 m - 3 scrolls of fog
 p - a scroll of enchant weapon
 s - 5 scrolls of teleportation
Potions
 b - 3 potions of mutation
 h - 2 potions of berserk rage
 i - 6 potions of brilliance
 l - a potion of resistance
 u - a potion of lignification


   Skills:
 + Level 7.5 Fighting
 + Level 6.3 Staves
 + Level 7.4 Armour
 + Level 8.5 Dodging
 - Level 1.5 Stealth
 * Level 8.6 Spellcasting
 + Level 6.7 Evocations


You had 3 spell levels left.
You knew the following spells:

 Your Spells              Type           Power      Damage    Failure   Level
a - Foxfire               Conj/Fire      100%       2x1d9     1%          1
b - Scorch                Fire           100%       2d10      1%          2
c - Conjure Flame         Conj/Fire      64%        6-21      1%          3
d - Inner Flame           Hex/Fire       64%        N/A       1%          3
e - Flame Wave            Conj/Fire      64%        2d12      1%          4
f - Shock                 Conj/Air       100%       1d9       1%          1
g - Poisonous Vapours     Pois/Air       94%        N/A       1%          2
h - Wereblood             Tmut           47%        N/A       1%          2
i - Tukima's Dance        Hex            47%        N/A       1%          3
j - Hailstorm             Conj/Ice       47%        3d11      1%          4
Your spell library was empty.

Dungeon Overview and Level Annotations

Branches:
Dungeon (10/15)            Temple (1/1) D:7            Lair (1/6) D:10
    Orc (0/2) D:9           Sewer (visited)         Gauntlet (1/1)

Altars:
Ashenzari
Cheibriados
Dithmenos
Elyvilon
Fedhas
Gozag
Hepliaklqana
Kikubaaqudgha
Makhleb
Nemelex Xobeh
Okawaru
Qazlal
Ru
Sif Muna
Trog
Uskayaw
Vehumet
Wu Jian
Xom
Yredelemnul
Zin
The Shining One

Shops:
D:7 *   D:10 [

Annotations:
Gauntlet 7 transporters, 1 runed translucent door


Innate Abilities, Weirdness & Mutations

You are a tree.
Your roots penetrate the ground, keeping you stationary.
You cannot be teleported.
You are immune to unholy pain and torment.
Your maximum health is greatly increased.
Your equipment is partially melded.
You are immune to sickness and miasma.
You are immune to poison.
((Your flesh is very heat resistant. (rF++)))
((You are vulnerable to cold. (rC-)))
You float through the air rather than walking.
You learn spells naturally, not from books.
Your magical power is your life essence.
You have superior vitality. (+4 MHP)


Message History

The minotaur barely misses you. You block the minotaur's attack.
Okay, then.
Casting: Scorch (safe; 1% risk of failure)
Confirm with . or Enter, or press ? or * to list all spells.
You feel a surge of power!
Flames lash the minotaur.
The minotaur is burned terribly!
The minotaur is lightly wounded.
* * * LOW HITPOINT WARNING * * *
The minotaur hits you but does no damage.
The minotaur barely misses you.
Casting: Scorch (safe; 1% risk of failure)
Confirm with . or Enter, or press ? or * to list all spells.
You feel a surge of power!
Flames lash the minotaur but do no damage.
* * * LOW HITPOINT WARNING * * *
The minotaur hits you but does no damage.
The minotaur gores you but does no damage.
Casting: Scorch (safe; 1% risk of failure)
Confirm with . or Enter, or press ? or * to list all spells.
You feel a surge of power!
Flames lash the minotaur.
The minotaur is burned terribly!
The minotaur is lightly wounded.
* * * LOW HITPOINT WARNING * * *
The minotaur hits you but does no damage.
The minotaur gores you!
* * * LOW HITPOINT WARNING * * *
You feel protected.
The minotaur hits you but does no damage.
The minotaur gores you!
* * * LOW HITPOINT WARNING * * *
You feel better. The minotaur hits you!!
* * * LOW HITPOINT WARNING * * *
The minotaur gores you.
* * * LOW HITPOINT WARNING * * *
Aiming: Charm
Press: ? - help, Shift-Dir - straight line, f - minotaur
Aim: a minotaur, wearing a +0 plate armour and quivering javelins (lightly wounded, more vulnerable to fire, chance to affect: 7%)
The minotaur resists with almost no effort.
The minotaur hits you.
You die...

©#..#..###≈##
#####...#≈≈≈#
©..8#...#...######
...©#.8.#...##...#
©..8#.⌠.#.8.##.#.#
#####.8.#.©....#.#
.##.#...#.8.##.#.# #
##..#...#.©.##...# ⌠.#
#...#.8.#.8.##.#♣##∩...#
.##©#.∩.#.©....#.H....⌠+
#.###.8.#.8.##.#.##.⌠..#
#..##...#.©.##...# +###
©...#...#.8.##.#.#
#####.8.#.©....#.#
©..8#.⌠.#.8.##.#.#
...©#.8.#...# ..#
©..8#...#...# ###


You could see a minotaur (combustible).

Vanquished Creatures
  Snorg (D:10)
  Harold (D:10)
  A catoblepas (Gauntlet)
  2 centaur warriors
  Pikel (D:7)
  An ugly thing (D:8)
  Joseph (D:8)
  2 gargoyles (Gauntlet)
  Maggie (D:10)
  An eye of devastation (Gauntlet)
  4 trolls
  Prince Ribbit (D:5)
  The ghost of bezhaha the Magician, an amateur DjFE (D:4)
  4 shadows (Gauntlet)
  A wraith (D:8)
  A wyvern (D:10)
  Menkaure (D:5)
  2 floating eyes (Gauntlet)
  5 water moccasins
  10 orc warriors
  5 sky beasts
  2 hornet zombies
  A necrophage (D:4)
  A black bear (D:8)
  2 ogres
  2 wolves (D:10)
  2 phantoms
  3 lemures
  3 kobold brigands
  6 bullfrogs
  A gnoll sergeant (D:6)
  2 scorpions
  7 killer bees
  4 howler monkeys
  2 jellies (D:5)
  3 electric eels
  2 bullfrog zombies (D:4)
  4 centaur zombies
  A bullfrog skeleton (D:5)
  9 hounds
  9 orc priests
  2 centaur skeletons
  5 iguanas
  Ijyb (D:5)
  21 orc wizards
  A killer bee zombie (D:8)
  3 hound skeletons (D:4)
  2 howler monkey zombies
  3 gnolls (D:6)
  6 adders
  3 white imps
  3 ufetubi
  An adder skeleton (D:2)
  A worm (D:4)
  2 dart slugs
  48 orcs
  11 bats
  8 endoplasms
  5 giant cockroaches
  6 goblins
  9 hobgoblins
  3 jackals (D:2)
  2 quokkas
  9 ball pythons
  6 frilled lizards
  29 kobolds
  2 rats (D:1)
305 creatures vanquished.

Vanquished Creatures (others)
  An orc wizard (D:9)
  901 foxfires
  A fungus (Gauntlet)
903 creatures vanquished.

Grand Total: 1208 creatures vanquished

Notes
Turn   | Place    | Note
-------+----------+-------------------------------------------
     0 | D:1      | DasRunzen the Djinni Fire Elementalist began the quest for
                  | the Orb.
     0 | D:1      | Reached XP level 1. HP: 15/15 MP: 0/0
   197 | D:1      | Reached XP level 2. HP: 17/22 MP: 0/0
  1158 | D:2      | Reached XP level 3. HP: 23/26 MP: 0/0
  1158 | D:2      | Learned a level 1 spell: Shock
  1365 | D:2      | Reached skill level 1 in Fighting
  1365 | D:2      | Reached skill level 1 in Armour
  2056 | D:2      | Noticed a black bear
  2418 | D:2      | Reached XP level 4. HP: 31/32 MP: 0/0
  2944 | D:3      | Reached XP level 5. HP: 10/38 MP: 0/0
  2944 | D:3      | Learned a level 2 spell: Poisonous Vapours
  3083 | D:3      | Found a glowing drain.
  3157 | Sewer    | Entered a sewer
  3318 | Sewer    | Noticed a water moccasin
  3338 | Sewer    | Killed a water moccasin
  3339 | Sewer    | Reached XP level 6. HP: 21/43 MP: 0/0
  3559 | D:3      | Found a faded altar of an unknown god.
  4309 | D:4      | Reached XP level 7. HP: 47/49 MP: 0/0
  4309 | D:4      | Learned a level 2 spell: Wereblood
  4351 | D:4      | Reached skill level 1 in Staves
  4587 | D:4      | Found a runed translucent gate.
  4590 | D:4      | Found a runed translucent gate.
  4591 | D:4      | Found a runed translucent gate.
  4592 | D:4      | Noticed bezhaha's ghost (amateur DjFE)
  4680 | D:4      | Reached XP level 8. HP: 50/56 MP: 0/0
  4806 | D:4      | Reached skill level 1 in Evocations
  5429 | D:5      | Entered Level 5 of the Dungeon
  5586 | D:5      | Noticed Prince Ribbit
  5616 | D:5      | Killed Prince Ribbit
  5630 | D:5      | Noticed Ijyb
  5641 | D:5      | Killed Ijyb
  5676 | D:5      | Reached skill level 5 in Spellcasting
  5787 | D:5      | Noticed Menkaure
  5792 | D:5      | Killed Menkaure
  5793 | D:5      | Reached skill level 5 in Dodging
  6157 | D:5      | Reached XP level 9. HP: 59/62 MP: 0/0
  6157 | D:5      | Learned a level 3 spell: Tukima's Dance
  7546 | D:7      | Found Ruuwkaz's Overcharged Wands.
  7722 | D:7      | Reached XP level 10. HP: 69/69 MP: 0/0
  7750 | D:7      | Reached skill level 5 in Fighting
  7750 | D:7      | Reached skill level 5 in Armour
  7761 | D:7      | Identified the +1 cloak "Posm" {Harm +Inv Dex-3}
  7991 | D:8      | Noticed Pikel
  8058 | D:7      | Found a staircase to the Ecumenical Temple.
  8096 | Temple   | Entered the Ecumenical Temple
  8504 | Temple   | Became a worshipper of Qazlal Stormbringer
  8672 | D:7      | Killed Pikel
  8815 | D:8      | Noticed Joseph
  8826 | D:8      | Killed Joseph
  9009 | D:8      | Noticed a cyan ugly thing
  9025 | D:8      | Killed a cyan ugly thing
  9125 | D:8      | Found a snail-covered altar of Cheibriados.
  9360 | D:8      | Noticed a centaur warrior
  9367 | D:8      | Killed a centaur warrior
  9368 | D:8      | Reached skill level 5 in Evocations
  9368 | D:8      | Reached XP level 11. HP: 52/76 MP: 0/0
  9368 | D:8      | Learned a level 4 spell: Hailstorm
  9574 | D:9      | Reached skill level 5 in Staves
  9605 | D:9      | Noticed a centaur warrior
  9620 | D:9      | Killed a centaur warrior
  9799 | D:9      | Reached * piety under Qazlal
 10002 | D:9      | Reached ** piety under Qazlal
 10681 | D:9      | Found a staircase to the Orcish Mines.
 10804 | D:10     | Entered Level 10 of the Dungeon
 10842 | D:10     | Noticed Maggie
 10852 | D:10     | Killed Maggie
 11100 | D:10     | Identified the +0 leather armour of Claustrophobia {rC+}
 11199 | D:10     | Noticed Snorg
 11201 | D:10     | Noticed Harold
 11212 | D:10     | Killed Snorg
 11218 | D:10     | Killed Harold
 11315 | D:10     | Reached *** piety under Qazlal
 11316 | D:10     | Reached XP level 12. HP: 61/85 MP: 0/0
 11494 | D:10     | Found Vutuum's Armour Shoppe.
 11568 | D:10     | Found a staircase to the Lair.
 12077 | D:7      | Identified the +6 ring mail "Aluest" {rElec Will- Regen+}
 12515 | D:4      | Killed bezhaha's ghost
 12658 | Lair:1   | Entered Level 1 of the Lair of Beasts
 12676 | Lair:1   | Found a gate leading to a gauntlet.
 12685 | Gauntlet | Entered a Gauntlet
 12685 | Gauntlet | Found a transporter.
 12699 | Gauntlet | Found a transporter.
 12700 | Gauntlet | Found a transporter.
 12701 | Gauntlet | Found a transporter.
 12706 | Gauntlet | Found a runed translucent gate.
 12706 | Gauntlet | Found a runed translucent gate.
 12706 | Gauntlet | Found a runed translucent gate.
 12707 | Gauntlet | Noticed a catoblepas
 12708 | Gauntlet | Found a transporter.
 12711 | Gauntlet | Found a transporter.
 12712 | Gauntlet | Found a transporter.
 12721 | Gauntlet | Found a transporter.
 12724 | Gauntlet | Found a transporter.
 12725 | Gauntlet | Found a transporter.
 12727 | Gauntlet | Noticed a wretched star
 12736 | Gauntlet | Found a transporter.
 12736 | Gauntlet | Found a transporter.
 12737 | Gauntlet | Found a transporter.
 12739 | Gauntlet | Noticed a two-headed ogre
 12745 | Gauntlet | Found a transporter.
 12754 | Gauntlet | Noticed a shock serpent
 12754 | Gauntlet | a yak changed into a shock serpent
 12759 | Gauntlet | a shock serpent changed into a water nymph
 12771 | Gauntlet | Noticed a glowing orange brain
 12771 | Gauntlet | a mana viper changed into a glowing orange brain
 12775 | Gauntlet | a glowing orange brain changed into a manticore
 12780 | Gauntlet | Found a runed translucent door.
 12781 | Gauntlet | Noticed a deep troll
 12781 | Gauntlet | a moth of wrath changed into a deep troll
 12890 | Gauntlet | Noticed a death drake
 12890 | Gauntlet | a mana viper changed into a death drake
 12893 | Gauntlet | a death drake changed into a lindwurm
 13093 | Gauntlet | Killed a catoblepas
 13281 | Gauntlet | Identified the amulet "Iveug" {Faith Slay+3}
 13316 | Gauntlet | Noticed a minotaur
 13329 | Gauntlet | HP: 3/127 [minotaur (6)]
 13330 | Gauntlet | Slain by a minotaur

Illustrated notes

Levels and vault maps discovered:
D:1:      dpeg_arrival_short_road, layout_basic, minmay_misc_feat_iff,
          minmay_curled_crystal
D:2:      layout_basic, hangedman_decor_opposing, nicolae_figureground_pulse
D:3:      layout_loops_ring, portal_sewer_entry_f,
          hellmonk_ecumenical_altar_blasted
D:4:      layout_gridville, mainiacjoe_overflow_24_doors,
          gammafunk_ghost_necromancy, minmay_misc_feat_square,
          minmay_fractal_squares_5
D:5:      layout_loops_corners, dk_noncrumbling_3, uniq_ijyb,
          uniq_prince_ribbit1, uniq_menkaure
D:6:      layout_loops_ring, minmay_misc_feat_tiny
D:7:      kennysheep_six_static_rooms, layout_loops_cross,
          minmay_temple_entry_hall, nicolae_shop_overcharged_wands
D:8:      black_bear_nest_1, layout_loops_ring, mainiacjoe_overflow_catwalk,
          minmay_small_thing, uniq_pikel, uniq_joseph
D:9:      layout_rooms, erik_orc_2, serial_co_window_serial,
          co_window_of_opportunity_a, co_window_corner_a, co_window_paths_a,
          co_window_paths_b, co_window_corner_a, co_window_cross_3,
          co_window_corner_b, co_window_2corner, co_window_corner_cb,
          co_window_corner_b, co_window_2corner, co_window_of_opportunity_c,
          glass_columns_b
D:10:     layout_basic, erik_lair_island, serial_shops, shop_fountains,
          uniq_maggie, uniq_harold, uniq_snorg
Temple:   mainiacjoe_temple_big_plus
Lair:1:   layout_regular_city, gauntlet_entry_generic, grunt_megastairs_3,
          infiniplex_staircase_pool
Gauntlet: gammafunk_gauntlet_77_escape_option
          [minmay_gauntlet_arena_77_p_blocks,
          minmay_gauntlet_arena_77_run_for_it, minmay_gauntlet_arena_77_fan,
          minmay_gauntlet_arena_77_path, minmay_gauntlet_arena_77_two_paths,
          gauntlet_exit_hidden_loot]

Skill      XL: |  1  2  3  4  5  6  7  8  9 10 11 12 |
---------------+-------------------------------------+-----
Fighting       | 1 2 3 4 6 7 |  7.5
Armour         | 1 2 3 4 6 7 |  7.4
Spellcasting   | 3 4 5 6 7 8 |  8.6
Dodging        | 3 4 5 6 8 |  8.5
Staves         | 1 2 3 4 5 6 |  6.3
Evocations     | 2 3 5 6 |  6.7
Stealth        | |  1.5

Action                   |  1- 3 |  4- 6 |  7- 9 | 10-12 || total
-------------------------+-------+-------+-------+-------++-------
Melee: Unarmed           |       |     1 |       |       ||     1
       Staff             |       |     6 |     2 |     6 ||    14
 Cast: Foxfire           |    72 |    75 |   200 |   206 ||   553
       Conjure Flame     |     2 |       |       |     3 ||     5
       Poisonous Vapours |       |       |    16 |    55 ||    71
       Shock             |       |       |    11 |    48 ||    59
       Scorch            |       |       |       |   123 ||   123
       Flame Wave        |       |       |       |     3 ||     3
       Inner Flame       |       |       |       |    19 ||    19
       Tukima's Dance    |       |       |       |     1 ||     1
       Hailstorm         |       |       |       |     1 ||     1
Evoke: Wand              |       |       |       |     4 ||     4
  Use: Scroll            |     2 |     3 |     7 |     7 ||    19
       Potion            |       |     1 |       |     7 ||     8
Armor: Robe              |    11 |    12 |    36 |    35 ||    94
       Skin              |       |       |       |     5 ||     5
Dodge: Dodged            |    21 |    16 |    93 |   160 ||   290
Block: Other             |       |       |       |    14 ||    14

Table legend: (Time is in decaauts)
 A = Elapsed time spent in this place.
 B = Non-inter-level travel time spent in this place.
 C = Inter-level travel time spent in this place.
 D = Time resting spent in this place.
 E = Time spent auto-exploring this place.
 F = Levels seen in this place.
 G = Mean time per level.
                   A        B        C        D        E       F      G
               +--------+--------+--------+--------+--------+-----+--------+
         Total |  13341 |  12572 |    769 |   1433 |   7902 |  14 |  952.9 |
       Dungeon |  11839 |  11100 |    739 |    958 |   7444 |  10 | 1183.9 |
        Temple |    438 |    408 |     30 |      0 |    289 |   1 |  438.0 |
          Lair |     26 |     26 |      0 |      0 |      0 |   1 |   26.0 |
         Sewer |    392 |    392 |      0 |    294 |     25 |   1 |  392.0 |
      Gauntlet |    644 |    644 |      0 |    181 |    144 |   1 |  644.0 |
               +--------+--------+--------+--------+--------+-----+--------+

Top non-repeatable levels by time:
     D:2: 1670 daAuts
     D:4: 1436 daAuts
     D:9: 1296 daAuts
     D:1: 1269 daAuts
    D:10: 1237 daAuts
     D:5: 1051 daAuts
     D:7: 1026 daAuts
     D:3: 985 daAuts
     D:8: 967 daAuts
     D:6: 898 daAuts
Gauntlet: 644 daAuts
  Temple: 438 daAuts
   Sewer: 392 daAuts
  Lair:1: 26 daAuts
